 Dungeon Crawl Stone Soup version 0.17.0 (webtiles) character file.

92668 Geomchi the Tortoise (level 16, 0/108 HPs)
             Began as a Gargoyle Berserker on Nov 7, 2015.
             Was a High Priest of Trog.
             Slain by a greater naga
             ... wielding a +0 flail
              (2 damage)
             ... on level 4 of the Snake Pit.
             The game lasted 00:31:28 (22475 turns).

Geomchi the Tortoise (Gargoyle Berserker)          Turns: 22475, Time: 00:31:28

Health: 0/108      AC: 36    Str: 33    XL:     16   Next: 6%
Magic:  0/16       EV: 14    Int:  8    God:    Trog [*****.]
Gold:   1450       SH:  0    Dex: 12    Spells: 0 memorised, 15 levels left

rFire  + . .     SeeInvis .     q - +5 morningstar (drain)
rCold  + + .     Clarity  .     a - +0 plate armour {rF+}
rNeg   + . .     SustAt   .     (no shield)
rPois  ∞         Gourm    .     D - +2 hat {rC+}
rElec  +         Spirit   +     A - +0 cloak {rC+}
rCorr  .         Warding  .     E - +0 pair of gloves
rMut   .         Stasis   .     B - +0 pair of boots
MR     +....                    X - amulet of guardian spirit
Stlth  ..........               z - +3 ring of dexterity
                                g - +4 ring of evasion

@: mighty, exhausted, flying, starving, slowed, constricted, studying Armour,
very slow, somewhat resistant to hostile enchantments, extremely unstealthy
A: big wings, negative energy resistance 1, electricity resistance, unbreathing,
petrification resistance, rot immunity, subdued magic 1, AC +11
a: Stop Flying, Berserk, Trog's Hand, Brothers in Arms, Burn Spellbooks,
Renounce Religion


You were on level 4 of the Snake Pit.
You worshipped Trog.
Trog was extremely pleased with you.
You were starving.

You visited 4 branches of the dungeon, and saw 27 of its levels.
You also visited: Ice Cave.

You collected 2099 gold pieces.
You spent 649 gold pieces at shops.

Inventory:

Hand Weapons
 q - a +5 morningstar of draining (weapon)
 W - a +2 antimagic morningstar
Armour
 a - a +0 plate armour of fire resistance (worn)
 A - a +0 cloak of cold resistance (worn)
 B - a +0 pair of boots (worn)
 D - a +2 hat of cold resistance (worn)
 E - a +0 pair of gloves (worn)
 I - the +0 scale mail "Qoereraq" {Str+3}
   (You found it on level 11 of the Dungeon)

   It affects your strength (+3).
Rods
 M - a +1 rod of clouds (13/13)
   (You found it on level 4 of the Snake Pit)
Jewellery
 g - a +4 ring of evasion (left hand)
 z - a +3 ring of dexterity (right hand)
 X - an amulet of guardian spirit (around neck)
Wands
 e - a wand of disintegration (8)
 j - a wand of lightning (7)
 y - a wand of teleportation (3)
 F - a wand of teleportation (2)
 O - a wand of frost (20)
 S - a wand of slowing (9)
 T - a wand of paralysis (11)
 U - a wand of draining (4)
Scrolls
 h - 2 scrolls of blinking {unknown}
 i - 7 scrolls of remove curse
 l - 2 scrolls of enchant armour {unknown}
 m - 3 scrolls of recharging
 n - 2 scrolls of summoning {unknown}
 p - 2 scrolls of enchant weapon
 t - 6 scrolls of teleportation
 u - 2 scrolls of amnesia {unknown}
 v - 4 scrolls of fear {unknown}
 w - 3 scrolls of holy word
 x - a scroll of magic mapping {unknown}
 V - a scroll of random uselessness {unknown}
Potions
 d - 3 potions of haste
 f - a potion of curing
 k - a potion of magic
 o - a potion of cancellation {unknown}
 r - a potion of brilliance {unknown}
 C - a potion of agility {unknown}
 G - a potion of might
 H - a potion of lignification {unknown}
 J - a potion of invisibility {unknown}
 K - 2 potions of cure mutation
 L - 2 potions of flight {unknown}
 P - 2 potions of berserk rage {unknown}
Books
 R - a manual of Armour
Comestibles
 b - 7 slices of pizza
 c - 10 bread rations {@e1}
 s - 5 meat rations {@e2}
 Q - 21 fruits


   Skills:
 - Level 15.3 Fighting
 - Level 16.1 Maces & Flails
 + Level 16.4 Armour
 + Level 10.2 Dodging


You had 15 spell levels left.
You didn't know any spells.

Dungeon Overview and Level Annotations

Branches:
Dungeon (11/15)              Lair (8/8) D:9           Snake (4/4) Lair:3
    Orc (4/4) D:11            Elf (0/3) Orc:3
 Temple: D:4-7        Swamp: Lair:3-6    Shoals: Lair:3-6     Slime: Lair:6-8

Altars:
Cheibriados
Dithmenos
Elyvilon
Fedhas
Gozag
Nemelex Xobeh
Okawaru
Xom
Yredelemnul
Beogh

Shops:
D:8 ?   D:9 %   Orc:3 }   Orc:4 [:(*

Annotations:
Snake:4 Vashnia


Innate Abilities, Weirdness & Mutations

You are resistant to torment.
Your stone body is resilient (AC +11).
You are immune to poison.
Your large and strong wings let you fly indefinitely.
You resist negative energy.
You are resistant to electric shocks.
You can survive without breathing.
You are immune to petrification.
You are immune to rotting.
Your spells are a little easier to cast, but a little less powerful.


Message History

* * * LOW HITPOINT WARNING * * *
The mana viper bites you!
* * * LOW HITPOINT WARNING * * *
You take 15 damage, and have 4/108 hp.
You puncture the greater naga! You drain the greater naga!
The greater naga gestures at you while chanting.
The bolt of poison misses you.
The naga sharpshooter casts a spell.
The naga sharpshooter magically shoots an arrow.
The arrow completely misses you. The mana viper closely misses you.
Drink which item? (? for menu, Esc to quit)
You feel better.
The greater naga hits you but does no damage.
The greater naga grabs you. The greater naga constricts you.
The naga sharpshooter spits poison at you.
The splash of poison hits you! You resist. The mana viper barely misses you.
The naga sharpshooter shoots an arrow.
The arrow hits you!
* * * LOW HITPOINT WARNING * * *
The greater naga hits you with a flail.
You die...

..# ....... ...#
......... .N..#
......... #.N.#
.........
#NNN##........
#.NS#)......#
#NSNN(.....+
#NNSNN.....#
#..N#@.......
#...##.......#
#...##........#
..).##.........#
...##...........
.(##...........#
.##............#
##.............#
##......#######.#


You could see 2 naga warriors, a greater naga, 2 naga sharpshooters, a
salamander mystic, a mana viper, 2 black mambas and 7 nagas.

Vanquished Creatures
  2 greater nagas
  Josephine (Lair:4)
  A fire dragon (Lair:8)
  Fannar (Lair:1)
  Harold (Orc:3)
  2 naga warriors
  11 hydras
  3 anacondas (Snake:4)
  4 catoblepae (Lair:8)
  A shock serpent (Snake:4)
  19 death yaks
  8 naga sharpshooters
  An orc high priest (Orc:4)
  An ice devil (IceCv)
  Pikel (D:4)
  A harpy (Lair:8)
  A hill giant (D:10)
  8 orc knights
  2 griffons (Lair:8)
  2 cyclopes (D:11)
  An orc sorcerer (Orc:4)
  2 naga magi (Snake:4)
  2 manticores
  14 elephants
  Maurice (D:8)
  16 black mambas
  9 spiny frogs
  2 ice statues (IceCv)
  A centaur skeleton (D:10)
  2 guardian serpents (Snake:4)
  6 blue devils (IceCv)
  A fire drake (Lair:8)
  5 komodo dragons
  4 trolls
  The ghost of Geomchi the Chopper, an amateur MiGl of Jiyva (D:3)
  A two-headed ogre (D:10)
  Dowan (D:4)
  Sigmund (D:4)
  2 deep elf magi
  24 yaks
  4 fire bats (Lair:1)
  Eustachio (D:6)
  2 wyverns
  A deep elf fighter (D:9)
  2 basilisks (Lair:4)
  13 nagas
  A steam dragon (Lair:4)
  6 wraiths
  10 hippogriffs
  14 wolves
  2 wargs (Orc:4)
  36 water moccasins
  6 porcupines
  Duvessa (D:4)
  An eye of draining (D:11)
  2 sky beasts
  A hell hound (Lair:8)
  11 ogres
  A necrophage (D:9)
  20 orc warriors
  4 ice beasts
  10 crocodiles
  2 centaurs
  A big kobold (D:11)
  10 giant frogs
  A wyvern zombie (D:10)
  A gnoll sergeant (D:8)
  A wyvern skeleton (D:7)
  17 wights
  3 scorpions
  5 electric eels
  4 crimson imps
  4 jellies
  A giant frog zombie (D:5)
  25 orc wizards
  15 orc priests
  5 worker ants
  A giant frog skeleton (D:8)
  3 hounds
  8 iguanas
  17 sheep
  A killer bee zombie (D:10)
  A hound zombie (D:5)
  2 worker ant zombies
  Robin (D:3)
  13 gnolls
  36 river rats
  21 adders
  3 white imps (IceCv)
  10 ufetubi (IceCv)
  An adder skeleton (D:9)
  A worm (D:2)
  2 giant geckos
  136 orcs
  6 bats
  4 giant cockroaches
  15 goblins
  3 hobgoblins
  19 jackals
  11 kobolds
  4 quokkas
  6 ball pythons
  3 giant newts
  A jackal skeleton (D:4)
  3 rats
  A spectral orc (D:2)
744 creatures vanquished.

Vanquished Creatures (collateral kills)
  A greater naga (Snake:4)
  A death yak (Lair:8)
  2 orc high priests (Orc:4)
  3 shock serpents (Snake:4)
  2 orc knights
  A manticore (Lair:8)
  A salamander (Snake:4)
  2 orc sorcerers (Orc:4)
  3 naga magi (Snake:4)
  A yak (Lair:8)
  A basilisk (Lair:8)
  2 wyverns (Lair:8)
  3 hippogriffs (Lair:8)
  3 nagas (Snake:4)
  2 orc warriors
  2 orc priests (Orc:4)
  3 orcs (Orc:4)
33 creatures vanquished.

Vanquished Creatures (others)
  An ugly thing (D:11)
  A slave (D:4)
  A centaur skeleton (D:4)
  An iguana (D:4)
  An adder (D:4)
  A white imp (IceCv)
  3 ufetubi (IceCv)
  A giant gecko (D:4)
  2 orcs
  A quokka (D:4)
  A goblin (D:4)
  5 fungi (Lair:8)
  5 plants
24 creatures vanquished.

Grand Total: 801 creatures vanquished

Notes
Turn   | Place    | Note
--------------------------------------------------------------
     0 | D:1      | Geomchi the Gargoyle Berserker began the quest for the Orb.
     0 | D:1      | Reached XP level 1. HP: 14/14 MP: 1/1
   147 | D:1      | Reached XP level 2. HP: 10/19 MP: 2/2
   587 | D:1      | Reached ** piety under Trog
   587 | D:1      | Reached skill level 4 in Maces & Flails
   783 | D:2      | Reached XP level 3. HP: 16/23 MP: 3/3
  1375 | D:2      | Reached XP level 4. HP: 25/28 MP: 4/4
  1679 | D:2      | Reached skill level 5 in Maces & Flails
  1743 | D:2      | Found a basalt altar of Yredelemnul.
  2146 | D:3      | Noticed Robin
  2154 | D:3      | Killed Robin
  2294 | D:4      | Noticed Sigmund
  2306 | D:4      | Killed Sigmund
  2306 | D:4      | Reached *** piety under Trog
  2306 | D:4      | Reached skill level 6 in Maces & Flails
  2306 | D:4      | Reached XP level 5. HP: 32/32 MP: 5/5
  2306 | D:4      | Reached XP level 6. HP: 37/37 MP: 6/6
  2442 | D:3      | Noticed Geomchi's ghost (amateur MiGl)
  2453 | D:3      | Killed Geomchi's ghost
  2453 | D:3      | Reached skill level 7 in Maces & Flails
  2453 | D:3      | Reached XP level 7. HP: 41/41 MP: 7/7
  2541 | D:4      | Noticed Pikel
  2542 | D:4      | Noticed a slave
  2542 | D:4      | Noticed a slave
  2543 | D:4      | Noticed a slave
  2545 | D:4      | Noticed a slave
  2555 | D:4      | Killed Pikel
  2555 | D:4      | Reached skill level 9 in Maces & Flails
  2555 | D:4      | Reached XP level 8. HP: 46/46 MP: 8/8
  2626 | D:4      | Found a shimmering altar of Xom.
  2680 | D:4      | Killed a freed slave
  2683 | D:4      | Noticed Dowan
  2686 | D:4      | Noticed Duvessa
  2725 | D:4      | Killed Duvessa
  2730 | D:4      | Killed Dowan
  2730 | D:4      | Reached skill level 10 in Maces & Flails
  2967 | D:4      | Found a blossoming altar of Fedhas.
  2989 | D:5      | Entered Level 5 of the Dungeon
  3076 | D:5      | Found an opulent altar of Gozag.
  3399 | D:6      | Noticed Eustachio
  3417 | D:6      | Killed Eustachio
  3417 | D:6      | Reached skill level 5 in Armour
  3494 | D:6      | Reached XP level 9. HP: 49/51 MP: 9/9
  4626 | D:7      | Reached **** piety under Trog
  4626 | D:7      | Reached skill level 5 in Fighting
  5024 | D:7      | Reached skill level 11 in Maces & Flails
  5114 | D:7      | Reached XP level 10. HP: 50/61 MP: 10/10
  5211 | D:7      | You fall through a shaft!
  5211 | D:8      | Found Fejeivih's Magic Scroll Shoppe.
  5214 | D:8      | Bought a scroll of enchant weapon for 97 gold pieces
  5258 | D:8      | Noticed Maurice
  5260 | D:8      | Paralysed by Maurice for 7 turns
  5278 | D:8      | Paralysed by something for 4 turns
  5289 | D:8      | Paralysed by something for 7 turns
  5310 | D:8      | Killed Maurice
  5476 | D:8      | Found an iron altar of Okawaru.
  6274 | D:9      | Found Soigeiro's Food Emporium.
  6281 | D:9      | Noticed an elephant
  6282 | D:9      | Found a staircase to the Lair.
  6309 | D:9      | Killed an elephant
  6643 | D:9      | Reached skill level 12 in Maces & Flails
  6797 | D:9      | Reached ***** piety under Trog
  6938 | D:9      | Found a sparkling altar of Nemelex Xobeh.
  7009 | D:9      | Found a shadowy altar of Dithmenos.
  7085 | D:9      | Found a snail-covered altar of Cheibriados.
  7623 | D:10     | Entered Level 10 of the Dungeon
  7626 | D:10     | Found a white marble altar of Elyvilon.
  7658 | D:10     | Reached XP level 11. HP: 71/71 MP: 11/11
  8231 | D:10     | Reached skill level 10 in Fighting
  8381 | D:10     | Reached skill level 13 in Maces & Flails
  8467 | D:10     | Noticed a hill giant
  8478 | D:10     | Killed a hill giant
  9016 | D:11     | Found a staircase to the Orcish Mines.
  9059 | D:11     | Received a gift from Trog
  9088 | D:11     | Got a transparent scale mail
  9099 | D:11     | Identified the cursed +0 scale mail "Qoereraq" {Str+3} (You found it on level 11 of the Dungeon)
  9879 | Orc:1    | Entered Level 1 of the Orcish Mines
  9965 | Orc:1    | Found a runed door.
 10099 | Orc:1    | Gained mutation: Your spells are a little easier to cast, but a little less powerful. [mutagenic glow]
 10138 | Orc:1    | Noticed an orc knight
 10145 | Orc:1    | Killed an orc knight
 10191 | Orc:1    | Found a roughly hewn altar of Beogh.
 10231 | Orc:2    | Noticed an orc knight
 10241 | Orc:2    | Noticed an orc knight
 10247 | Orc:2    | Killed an orc knight
 10257 | Orc:2    | Killed an orc knight
 10257 | Orc:2    | Reached skill level 14 in Maces & Flails
 10272 | Orc:1    | Reached XP level 12. HP: 33/81 MP: 10/12
 10533 | Orc:2    | Noticed an orc knight
 10543 | Orc:2    | Killed an orc knight
 10560 | Orc:2    | Noticed an orc knight
 10583 | Orc:2    | Killed an orc knight
 10587 | Orc:2    | Received a gift from Trog
 11192 | Orc:3    | Noticed Harold
 11215 | Orc:3    | Found Laxzad's Gadget Boutique.
 11217 | Orc:3    | Killed Harold
 11314 | Orc:3    | Found a staircase to the Elven Halls.
 11931 | Orc:4    | Entered Level 4 of the Orcish Mines
 12035 | Orc:4    | Received a gift from Trog
 12458 | Orc:4    | Noticed an orc high priest
 12478 | Orc:4    | Killed an orc high priest
 12553 | Orc:4    | Noticed an orc high priest
 12556 | Orc:4    | Reached skill level 10 in Armour
 12557 | Orc:4    | Noticed an orc high priest
 12561 | Orc:4    | Killed an orc high priest
 12561 | Orc:4    | Reached skill level 5 in Dodging
 12582 | Orc:4    | Found Wifoic's Assorted Antiques.
 12582 | Orc:4    | Found Hukoz's Weapon Emporium.
 12582 | Orc:4    | Found Amom's Book Shop.
 12582 | Orc:4    | Found Leuss's Antique Armour Emporium.
 12595 | Orc:4    | Bought a glowing plate armour for 552 gold pieces
 12595 | Orc:4    | Killed an orc high priest
 13131 | Lair:1   | Entered Level 1 of the Lair of Beasts
 13245 | Lair:1   | Found a frozen archway.
 13279 | IceCv    | Entered an ice cave
 13290 | IceCv    | Reached XP level 13. HP: 84/86 MP: 13/13
 14328 | Lair:1   | Received a gift from Trog
 14498 | Lair:1   | Noticed an eight-headed hydra
 14506 | Lair:1   | Killed an eight-headed hydra
 14733 | Lair:1   | Noticed Fannar
 14749 | Lair:1   | Killed Fannar
 14828 | Lair:1   | Noticed a four-headed hydra
 14836 | Lair:1   | Killed a four-headed hydra
 15630 | Lair:3   | Found a staircase to the Snake Pit.
 15665 | Lair:3   | Got a pitted whip
 15666 | Lair:3   | Identified the +9 whip of the Thing {freeze, rF+ rN+ MR-} (You found it on level 3 of the Lair of Beasts)
 15694 | Lair:3   | Reached ****** piety under Trog
 16174 | Lair:4   | Noticed Josephine
 16185 | Lair:4   | Killed Josephine
 16185 | Lair:4   | Reached skill level 15 in Maces & Flails
 16207 | Lair:4   | Gained mutation: Your large and strong wings let you fly indefinitely. [Gargoyle growth]
 16207 | Lair:4   | Reached XP level 14. HP: 95/95 MP: 14/14
 17208 | Lair:5   | Received a gift from Trog
 17858 | Lair:7   | Reached skill level 15 in Fighting
 18047 | Lair:7   | Reached skill level 16 in Maces & Flails
 18223 | Lair:8   | Entered Level 8 of the Lair of Beasts
 18723 | Lair:8   | Received a gift from Trog
 18804 | Lair:8   | Reached XP level 15. HP: 103/103 MP: 15/15
 20337 | Snake:1  | Entered Level 1 of the Snake Pit
 20831 | Snake:3  | Noticed a greater naga
 20843 | Snake:3  | Killed a greater naga
 21223 | Snake:4  | Entered Level 4 of the Snake Pit
 21244 | Snake:4  | Reached skill level 15 in Armour
 22012 | Snake:4  | Noticed a greater naga
 22022 | Snake:4  | Killed a greater naga
 22051 | Snake:4  | Received a gift from Trog
 22070 | Snake:4  | Reached skill level 10 in Dodging
 22098 | Snake:4  | Noticed a greater naga
 22104 | Snake:4  | Killed a greater naga
 22436 | Snake:4  | Reached XP level 16. HP: 108/108 MP: 14/16
 22446 | Snake:4  | Noticed Vashnia
 22451 | Snake:4  | Noticed a greater naga
 22473 | Snake:4  | HP: 4/108 [mana viper (10)]
 22475 | Snake:4  | Slain by a greater naga

Action                   |  1- 3 |  4- 6 |  7- 9 | 10-12 | 13-15 | 16-18 || total
-------------------------+-------+-------+-------+-------+-------+-------++-------
Melee: Mace              |    91 |    87 |   369 |   562 |       |       ||  1109
       Great mace        |       |       |       |   102 |       |       ||   102
       Morningstar       |       |       |       |   433 |   904 |    35 ||  1372
       Whip              |       |       |       |       |   479 |       ||   479
Invok: Berserk           |     1 |     2 |     8 |    13 |    10 |       ||    34
       Burn Spellbooks   |       |       |     1 |       |     1 |       ||     2
       Trog's Hand       |       |       |       |     2 |       |       ||     2
       Brothers in Arms  |       |       |       |     6 |     6 |     1 ||    13
 Abil: Fly               |       |       |       |       |     1 |       ||     1
  Use: Potion            |       |       |     1 |     5 |     2 |     2 ||    10
       Scroll            |       |       |     4 |    10 |     3 |       ||    17
 Stab: Petrified         |       |       |       |       |     1 |       ||     1
  Eat: Chunk             |     3 |     4 |    12 |    39 |    27 |       ||    85
       Bread ration      |       |       |     1 |       |     1 |       ||     2
       Pizza             |       |       |     1 |       |     2 |       ||     3
       Beef jerky        |       |       |       |     1 |     2 |       ||     3
       Royal jelly       |       |       |       |     1 |     1 |       ||     2
